 Dungeon Crawl Stone Soup version 0.31.0-9-g3a7656b989 (webtiles) character file.

Game seed: 3233665703937665218

65 Peloso the Shield-Bearer (level 3, 33/33 HPs)
             Began as a Minotaur Fighter on Jan 27, 2024.
             Got out of the dungeon alive.
             The game lasted 00:02:05 (1505 turns).

Peloso the Shield-Bearer (Minotaur Fighter)         Turns: 1505, Time: 00:02:06

Health: 33/33      AC:  9    Str: 26    XL:     3   Next: 94%
Magic:  1/1        EV:  8    Int:  3    God:
Gold:   62         SH:  5    Dex: 13    Spells: 2/2 levels left

rFire   . . .        a - +0 long sword
rCold   . . .        d - +0 buckler
rNeg    . . .        c - +0 chain mail
rPois   .            (helmet restricted)
rElec   .            (no cloak)
rCorr   .            (no gloves)
SInv    .            (no boots)
Will    .....        (no amulet) Stlth
                     g - +6 ring of strength
HPRegen 0.25/turn    (no ring)
MPRegen 0.07/turn

%: no passive effects
@: no status effects
A: horns 2, retaliatory headbutt, thin skeletal structure 1, dopey 1, low MP 1
a: no special abilities


You escaped.
You visited 1 branch of the dungeon, and saw 3 of its levels.

You collected 62 gold pieces.

Inventory:

Hand Weapons
 a - a +0 long sword (weapon)
Armour
 b - a +0 scale mail
 c - a +0 chain mail (worn)
 d - a +0 buckler (worn)
Jewellery
 g - a +6 ring of strength (left hand)
Scrolls
 e - a scroll of identify {unknown}
 l - a scroll of blinking {unknown}
Potions
 f - a potion of heal wounds
 h - 3 potions of might
 j - a potion of enlightenment {unknown}
 k - a potion of lignification {unknown}


   Skills:
 + Level 4.2 Fighting
 + Level 3.3 Long Blades
 + Level 4.2 Armour
 + Level 0.5 Dodging
 + Level 4.2 Shields


You had 2 spell levels left.
You didn't know any spells.
Your spell library contained the following spells:

 Spells                   Type           Power      Damage    Failure   Level
 Ensorcelled Hibernation  Hex/Ice        0%         N/A       99%         2
 Fugue of the Fallen      Necr           0%         N/A       100%        3
 Anguish                  Hex/Necr       0%         N/A       100%        4
 Animate Armour           Summ/Erth      0%         N/A       100%        4
 Bombard                  Conj/Erth      0%         9d1       100%        6
 Lehudib's Crystal Spear  Conj/Erth      0%         10d2      100%        8


Dungeon Overview and Level Annotations

Branches:
Dungeon (3/15)

Altars:

Shops:
D:2 (


Innate Abilities, Weirdness & Mutations

You have a pair of horns on your head.
You reflexively headbutt those who attack you in melee.
You have a somewhat thin skeletal structure. (Dex +2, Stealth+)
You are dopey. (Int -2)
Your magical capacity is low. (-10% MP)


Message History

Found an escape hatch in the ceiling.
A rat comes into view.
A rat is nearby!
A rat is nearby!
A rat is nearby!
The rat twitches its whiskers.
The rat closely misses you.
You slash the rat!
You kill the rat!
f - 2 red potions (gained 1)
A bat comes into view.
A bat is nearby!
A bat is nearby!
A bat is nearby!
The bat barely misses you. The bat hits you but does no damage.
The bat hits you but does no damage. The bat attacks as it pursues you!
You block the bat's attack. x2
The bat hits you but does no damage.
You barely miss the bat. The bat barely misses you.
The bat hits you but does no damage.
You closely miss the bat. You headbutt the bat.
You kill the bat!
It was a potion of heal wounds.
You feel much better.
It was a potion of mutation.
You feel extremely strange.
You feel less energetic.
You feel stupid.
Your bones become slightly less dense.
What level of the Dungeon? (default 12, ? - help)
You open the door.
There is an open door here.
There is a stone staircase leading up here.
You climb upwards.
There is a stone staircase leading down here.
You see here 5 poisoned darts.
There is a stone staircase leading up here.
You climb upwards.
There is a stone staircase leading down here.
There is a staircase leading out of the dungeon here.
Okay, then.
You have escaped!

## ##.......## ##.##........##.#
# ##.........## #..#........##.#
###...........####.##.....#.##.#
##......#.....(###..#........#.##
#......###......###.###.###......
......## ##......##.# #..........
.....## ##......#.# #######....
....## ##.......### #.... >..##
##..@.....#######..#. ....##
##.......#............ .....##
##......#.#.##########. ......##
##......##.#.# #.
#......###......###.#.# ##
##......#......###..#.#
###...........####.##.# #
##.........## #..##.# ##### ##
##.......## ##.###.#######....


There were no monsters in sight!

Vanquished Creatures
  2 adders (D:2)
  2 ribbon worms (D:2)
  2 bats
  4 endoplasms
  3 giant cockroaches
  5 goblins
  2 hobgoblins (D:1)
  5 jackals
  2 quokkas
  4 ball pythons
  3 frilled lizards
  2 kobolds (D:1)
  A rat (D:3)
37 creatures vanquished.

Notes
Turn   | Place    | Note
-------+----------+-------------------------------------------
     0 | D:1      | Peloso the Minotaur Fighter began the quest for the Orb.
     0 | D:1      | Reached XP level 1. HP: 19/19 MP: 0/0
   253 | D:1      | Got Sif Muna's Atlas of Grit
   286 | D:1      | Reached XP level 2. HP: 27/27 MP: 1/1
   841 | D:2      | Found a faded altar of an unknown god.
   848 | D:2      | Reached XP level 3. HP: 23/33 MP: 2/2
  1090 | D:2      | Found Oreotad's Weapon Boutique.
  1440 | D:3      | Gained mutation: Your magical capacity is low. (-10% MP)
                  | [potion of mutation]
  1440 | D:3      | Gained mutation: You are dopey. (Int -2) [potion of
                  | mutation]
  1440 | D:3      | Gained mutation: You have a somewhat thin skeletal
                  | structure. (Dex +2, Stealth+) [potion of mutation]
  1505 | D:$      | Got out of the dungeon alive.

Illustrated notes

Levels and vault maps discovered:
D:1:      dpeg_arrival_central, layout_loops_ring, minivault_26, minmay_ruptured
D:2:      layout_rooms, hellmonk_ecumenical_altar_pennies_from_heaven,
          serial_shops, shop
D:3:      layout_loops_corners, lemuel_tele_altar, due_unseen_surprise,
          uniq_terence

Skill      XL: |  1  2  3 |
---------------+----------+-----
Shields        | 4 |  4.2
Armour         | 4 |  4.2
Fighting       | 4 |  4.2
Long Blades    | 3 |  3.3
Dodging        | |  0.5

Action                     || total
---------------------------++-------
  Melee: Long sword        ||    69
         Headbutt          ||    18
    Use: Potion            ||     2
 Armour: Scale mail        ||     9
         Chain mail        ||    35
  Dodge: Dodged            ||    29
  Block: Buckler           ||    18
